 Dungeon Crawl Stone Soup version 0.16-a0-691-g21e4870 (webtiles) character file.

2120 PolkaDot the Martial Artist (level 9, -1/59 (64) HPs)
             Began as a Red Draconian Transmuter on Sept 19, 2014.
             Was a Follower of Qazlal.
             Shot with an arrow by a centaur (2 damage)
             ... on Level 6 of the Dungeon.
             The game lasted 00:46:27 (8255 turns).

PolkaDot the Martial Artist (DrTm)                  Turns: 8255, Time: 00:46:27

HP  -1/59 (64)   AC  8     Str 13      XL: 9   Next:  8%
MP  10/14        EV 12     Int 13      God: Qazlal [*.....]
Gold 325         SH  2     Dex 15      Spells:  2 memorised,  9 levels left

rFire  + . .     SeeInvis .     b - 38 arrows
rCold  . . .     Clarity  .     (armour unavailable)
rNeg   . . .     rCorr    .     (no shield)
rPois  .         rRot     .     (helmet restricted)
rElec  .         Spirit   .     (no cloak)
SustAb .         Warding  .     k - +0 pair of gloves
rMut   .         Stasis   .     (no boots)
Gourm  .                        (no amulet)
MR     .....                    (no ring)
                                (no ring)

@: not resistant to hostile enchantments, very unstealthy
A: breathe fire, unfitting armour, breathe flames 1, fire resistance 1,
cold-blooded, AC +7
a: Breathe Fire, Renounce Religion


You were on level 6 of the Dungeon.
You worshipped Qazlal.
Qazlal was aware of your devotion.
You were not hungry.

You visited 2 branches of the dungeon, and saw 7 of its levels.

You collected 325 gold pieces.

Inventory:

Missiles
 b - 38 arrows (in hand)
 B - 7 arrows of dispersal
Armour
 k - a +0 pair of gloves (worn)
Magical devices
 f - a wand of frost (0)
 p - a wand of draining (5) {unknown}
 r - a wand of teleportation (5) {unknown}
 y - a wand of random effects (14)
Comestibles
 a - 3 bread rations
 c - 4 meat rations
 l - 10 fruits
 n - 2 slices of pizza
 s - 2 chunks of gnoll flesh
 x - 2 rotting chunks of goblin flesh
Scrolls
 h - a scroll of enchant weapon
 i - 2 scrolls of teleportation
 j - 2 scrolls of remove curse
 q - a scroll of recharging {unknown}
 v - 2 scrolls of amnesia {unknown}
 D - a scroll of magic mapping {unknown}
Potions
 e - a potion of flight {unknown}
 g - a potion of restore abilities
 m - 2 potions of cure mutation {!q}
 o - a potion of resistance
 t - a potion of might
 w - a potion of magic
 A - a potion of berserk rage {unknown}
Books
 d - a book of Changes

   Spells                             Type                      Level
   *Beastly Appendage                 Transmutation                1
   *Sticks to Snakes                  Transmutation                2
   Spider Form                        Transmutation/Poison         3
   Ice Form                           Ice/Transmutation            4
   Blade Hands                        Transmutation                5


   Skills:
 - Level 1.1 Fighting
 - Level 1.7 Dodging
 * Level 10.5 Unarmed Combat
 - Level 2.0 Spellcasting
 + Level 6.6 Transmutations


You had 9 spell levels left.
You knew the following spells:

 Your Spells              Type           Power        Failure   Level  Hunger
a - Beastly Appendage     Trmt           ###...       1%          1    ##.....
b - Sticks to Snakes      Trmt           ###.......   2%          2    ###....


Dungeon Overview and Level Annotations

Branches:
Dungeon (6/15)             Temple (1/1) D:5

Altars:
Ashenzari
Cheibriados
Fedhas
Gozag
Makhleb
Nemelex Xobeh
Okawaru
Qazlal
Ru
Sif Muna
Trog
Vehumet
Xom
Yredelemnul
Zin
The Shining One


Innate Abilities, Weirdness & Mutations

You can breathe blasts of fire.
Your fiery red scales are hard (AC +7).
Your body does not fit into most forms of armour.
Your flesh is heat resistant.
Your cold-blooded metabolism reacts poorly to cold.
You can breathe flames.


Message History

* * * LOW HITPOINT WARNING * * *
You see here an arrow.
The centaur shoots an arrow.
The arrow closely misses you.
Drink which item? (? for menu, Esc to quit)
Okay, then.
Unknown command.
b - 40 arrows (in hand)
Casting: Sticks to Snakes
Confirm with . or Enter, or press ? or * to list all spells.
You create a snake!
The centaur shoots an arrow.
The arrow hits you.
* * * LOW HITPOINT WARNING * * *
Casting: Sticks to Snakes
Confirm with . or Enter, or press ? or * to list all spells.
You create a snake!
The centaur shoots an arrow.
The arrow hits you!
* * * LOW HITPOINT WARNING * * *
The centaur shoots an arrow.
The arrow hits your ball python!
Your ball python dies!
The centaur shoots an arrow.
The arrow closely misses your adder. The arrow hits you.
You die...

#))###..## ##....... ... #).#
##..## ###......... .. ..##
##..####..........P. .. ).#
##................. ... ..####
##................ ..... .....###
#.......................
.......###..#....................
............#....................
................@..(>............
..................(..............
..................(ยง.............
c...............S................
....................P............
................c...P............
...............P.########..######
.......... .....# . ..........
....#


You could see a centaur and a friendly adder.

Vanquished Creatures
  A sky beast (D:6)
  An orc warrior (D:6)
  2 ogres
  2 phantoms
  A centaur (D:6)
  A necrophage (D:3)
  A giant frog (D:6)
  A big kobold (D:6)
  3 wights (D:6)
  2 scorpions
  2 goliath beetles (D:6)
  3 crimson imps
  2 orc priests
  A centaur zombie (D:6)
  3 hounds (D:6)
  3 iguanas
  2 orc wizards
  6 worker ants
  Jessica (D:2)
  6 gnolls (D:6)
  A scorpion zombie (D:6)
  13 adders
  2 worms
  An inept item mimic (D:2)
  7 giant geckos
  An ooze (D:3)
  20 orcs
  6 ball pythons
  7 bats
  4 giant cockroaches
  A gnoll zombie (D:6)
  11 hobgoblins
  16 kobolds
  A quokka (D:2)
  4 giant newts
  3 giant spores (D:6)
  12 goblins
  12 jackals
  A quokka skeleton (D:5)
  11 rats
  13 ballistomycetes (D:6)
191 creatures vanquished.

Vanquished Creatures (collateral kills)
  An ogre (D:6)
  A gnoll shaman (D:6)
  A gnoll (D:6)
  3 giant geckos
6 creatures vanquished.

Vanquished Creatures (others)
  A big kobold (D:6)
  An adder (D:6)
  5 giant spores (D:6)
  2 ballistomycetes (D:6)
  3 plants (D:6)
12 creatures vanquished.

Grand Total: 209 creatures vanquished

Notes
Turn   | Place    | Note
--------------------------------------------------------------
     0 | D:1      | PolkaDot, the Draconian Transmuter, began the quest for the Orb.
     0 | D:1      | Reached XP level 1. HP: 16/16 MP: 3/3
   387 | D:1      | Reached XP level 2. HP: 20/23 MP: 4/4
   475 | D:1      | Learned a level 2 spell: Sticks to Snakes
   997 | D:1      | Reached skill level 4 in Unarmed Combat
  1552 | D:2      | Reached XP level 3. HP: 17/28 MP: 3/6
  1965 | D:2      | Reached XP level 4. HP: 25/35 MP: 7/7
  2135 | D:2      | Reached skill level 5 in Unarmed Combat
  2247 | D:2      | Noticed Jessica
  2263 | D:2      | Killed Jessica
  2374 | D:3      | Reached XP level 5. HP: 35/40 MP: 7/9
  2592 | D:3      | Noticed a necrophage
  2618 | D:3      | Killed a necrophage
  2618 | D:3      | Reached skill level 6 in Unarmed Combat
  2977 | D:3      | Reached XP level 6. HP: 21/39 MP: 8/10
  3506 | D:4      | Got a heavily runed helmet
  3508 | D:4      | Identified the cursed -4 helmet "Neggitec" {Int-3} (You found it on level 4 of the Dungeon)
  3574 | D:4      | Found an opulent altar of Gozag.
  3577 | D:4      | Found a sparkling altar of Nemelex Xobeh.
  3578 | D:4      | Found a shimmering altar of Xom.
  3588 | D:4      | Found a stormy altar of Qazlal.
  3592 | D:4      | Found an iron altar of Okawaru.
  3697 | D:4      | Reached skill level 7 in Unarmed Combat
  4141 | D:5      | Entered Level 5 of the Dungeon
  4184 | D:5      | Gained mutation: You can breathe flames. [potion of beneficial mutation]
  4242 | D:5      | Your scales start taking on a fiery red colour.
  4242 | D:5      | Gained mutation: Your flesh is heat resistant. [draconian maturity]
  4242 | D:5      | Reached XP level 7. HP: 24/44 MP: 12/12
  4875 | D:5      | Found a staircase to the Ecumenical Temple.
  4885 | Temple   | Entered the Ecumenical Temple
  5070 | D:4      | Became a worshipper of Qazlal Stormbringer
  5071 | D:4      | Upgraded the game from 0.16-a0-670-g3b10be2 to 0.16-a0-691-g21e4870
  5165 | D:5      | Found a snail-covered altar of Cheibriados.
  5231 | D:5      | Reached skill level 8 in Unarmed Combat
  5597 | D:5      | Found a blossoming altar of Fedhas.
  6022 | D:6      | Found a radiant altar of Vehumet.
  6023 | D:6      | Found a burning altar of Makhleb.
  6285 | D:6      | Reached XP level 8. HP: 41/54 MP: 13/13
  6370 | D:6      | Reached skill level 5 in Transmutations
  6485 | D:6      | Acquired Qazlal's first power
  6485 | D:6      | Reached skill level 9 in Unarmed Combat
  7151 | D:6      | Reached skill level 10 in Unarmed Combat
  7922 | D:6      | Reached XP level 9. HP: 32/59 MP: 14/14
  8250 | D:6      | Found a radiant altar of Vehumet.
  8253 | D:6      | HP: 1/59 [centaur/arrow (12)]
  8255 | D:6      | Shot with an arrow by a centaur

Action                   |  1- 3 |  4- 6 |  7- 9 || total
-------------------------+-------+-------+-------++-------
Melee: Unarmed           |   154 |   203 |   336 ||   693
 Cast: Sticks to Snakes  |     5 |     5 |    13 ||    23
       Beastly Appendage |       |     7 |     1 ||     8
 Abil: Breathe Fire      |       |     2 |    29 ||    31
Evoke: Wand              |       |       |     1 ||     1
  Use: Scroll            |       |     9 |     7 ||    16
       Potion            |       |     1 |     5 ||     6
 Stab: Distracted        |     1 |       |       ||     1
       Sleeping          |     1 |       |       ||     1
  Eat: Chunk             |     4 |     8 |    18 ||    30
       Fruit             |       |       |     2 ||     2
